 Dungeon Crawl Stone Soup version 0.29-a0-993-g4a18f31a58 (webtiles) character file.

Game seed: 15189526351148672717

3388 Newt the Covert (level 9, -1/72 HPs)
             Began as a Vampire Brigand on Aug 2, 2022.
             Was a Priest of Dithmenos.
             Slain by an orc
             ... wielding a +0 flail
              (6 damage)
             ... on level 8 of the Dungeon.
             The game lasted 00:16:20 (6602 turns).

Newt the Covert (Vampire Brigand)                   Turns: 6602, Time: 00:16:21

Health: -1/72      AC:  8    Str: 10    XL:     9   Next: 74%
Magic:  12/12      EV: 13    Int: 13    God:    Dithmenos [***...]
Gold:   551        SH:  0    Dex: 18    Spells: 8/8 levels left

rFire   . . .      SeeInvis +   j - +1 short sword (drain)
rCold   . . .      Faith    .   (no shield)
rNeg    + . .      Spirit   .   s - +0 leather armour
rPois   +          Reflect  .   h - +0 helmet
rElec   .          Harm     .   c - +0 cloak
rCorr   .          Rampage  .   i - +0 pair of gloves
Will    .....                   (no boots)
Stlth   ++++++....              w - amulet of regeneration
HPRegen 1.22/turn               n - ring of flight
MPRegen 0.13/turn               v - ring of positive energy

@: flying, healing quickly, wreathed by umbra, studying Fighting
A: alive, fangs 3, see invisible, vampiric 2, iridescent scales 1, poison
resistance, weak 1
a: Exsanguinate, Renounce Religion, Shadow Step


You were on level 8 of the Dungeon.
You worshipped Dithmenos.
Dithmenos was most pleased with you.
You visited 2 branches of the dungeon, and saw 9 of its levels.
You also visited: Ossuary.

You collected 631 gold pieces.
You spent 80 gold pieces at shops.

Inventory:

Hand Weapons
 a - a +2 dagger
 j - a +1 short sword of draining (weapon)
 z - a +1 hand axe of electrocution
 D - a +2 short sword of electrocution
Missiles
 d - 27 poisoned darts (quivered)
 e - 4 curare-tipped darts
Armour
 b - a +0 robe
 c - a +0 cloak (worn)
 h - a +0 helmet (worn)
 i - a +0 pair of gloves (worn)
 s - a +0 leather armour (worn)
 A - a +2 robe of fire resistance
Jewellery
 n - a ring of flight (left hand)
 q - a ring of willpower
 v - a ring of positive energy (right hand)
 w - an amulet of regeneration (around neck)
Wands
 g - a wand of flame (5)
 k - a wand of paralysis (8)
 B - a wand of roots (7)
Scrolls
 f - 2 scrolls of teleportation
 p - a scroll of torment
 r - a scroll of enchant weapon
 x - a scroll of identify
 y - a scroll of immolation
 C - a scroll of enchant armour {unknown}
Potions
 l - 2 potions of attraction
 m - a potion of lignification
 o - a potion of resistance
 u - a potion of brilliance {unknown}


   Skills:
 * Level 7.6 Fighting
 * Level 9.6 Short Blades
 + Level 1.7 Throwing
 + Level 3.1 Armour
 + Level 4.4 Dodging
 + Level 10.0 Stealth
 * Level 4.1 Invocations
 + Level 0.9 Evocations


You had 8 spell levels left.
You didn't know any spells.
Your spell library contained the following spells:

 Spells                   Type           Power      Damage    Failure   Level
 Conjure Flame            Conj/Fire      0%         6-21      77%         3
 Ignite Poison            Fire/Tmut/Pois 0%         N/A       77%         3
 Inner Flame              Hex/Fire       0%         N/A       77%         3
 Stone Arrow              Conj/Erth      0%         3d7       77%         3
 Animate Armour           Summ/Erth      0%         N/A       99%         4
 Cause Fear               Hex            0%         N/A       99%         4
 Sticky Flame             Conj/Fire      0%         2d3       99%         4
 Discord                  Hex            0%         N/A       100%        8
 Lehudib's Crystal Spear  Conj/Erth      0%         10d2      100%        8


Dungeon Overview and Level Annotations

Branches:
Dungeon (8/15)             Temple (1/1) D:4         Ossuary (visited)
   Lair: D:8-11

Altars:
Ashenzari
Cheibriados
Dithmenos
Gozag
Hepliaklqana
Nemelex Xobeh
Okawaru
Qazlal
Ru
Sif Muna
Vehumet
Wu Jian
Yredelemnul

Shops:
D:2 :!


Innate Abilities, Weirdness & Mutations

Your natural rate of healing is accelerated.
You have razor-sharp teeth.
You have supernaturally acute eyesight. (SInv)
You are afflicted with vampirism and can become a bat while bloodless.
You are partially covered in iridescent scales. (AC +2)
Your system is resistant to poisons. (rPois)
You are weak. (Str -2)


Message History

You're too confused to move!
The jelly hits you but does no damage.
The orc priest calls down the wrath of Beogh upon you.
You are unaffected.
You hit the orc.
The orc is almost dead.
The orc barely misses you. The jelly misses you.
The orc priest casts a cantrip, but nothing happens.
The orc barely misses you.
You hit the orc.
You kill the orc!
Dithmenos accepts your kill. The orc attacks as you move away!
The orc misses you.
The orc throws a stone.
The stone closely misses you.
The orc priest miscasts a cantrip.
The orc hits you with a +0 flail. The jelly hits you but does no damage.
The orc priest calls down the wrath of Beogh upon you.
Beogh smites you!
* * * LOW HITPOINT WARNING * * *
Items here: $ ( ) [ †.
You're too confused to move!
The orc hits you with a +0 flail!
* * * LOW HITPOINT WARNING * * *
The jelly barely misses you.
The orc priest calls down the wrath of Beogh upon you.
Beogh smites you!
* * * LOW HITPOINT WARNING * * *
Unknown command.
You puncture the jelly!
You kill the jelly!
Dithmenos accepts your kill. The orc closely misses you.
The orc priest invokes the aid of Beogh against you.
Beogh smites you!
* * * LOW HITPOINT WARNING * * *
You hit the orc priest but do no damage.
Your bite misses the orc priest.
The orc priest is almost dead.
You feel less invigorated.
You feel less confused. The orc hits you with a +0 flail.
You die...

# ##.## ##.#
#.####.#
####.##†.# #..#
#.<....#
........###
#†## ####...#
...####...# #.#
#.# ###.###.##
.
.######(()...#
......(..)##.##
.....(.oo.....#
.......@..###.+
..........# ##
.......<......#
....<.....#####
..######### #


You could see an orc priest (very drained) and an orc.

Vanquished Creatures
  A two-headed ogre (D:8)
  Pikel (D:7)
  A wyvern (D:7)
  A water moccasin (D:7)
  2 ice beasts (D:5)
  2 sky beasts (D:7)
  3 black bears (D:6)
  2 ogres (D:7)
  2 kobold brigands
  A gnoll sergeant (D:5)
  2 necrophages (D:5)
  An electric eel (D:6)
  3 howler monkeys (D:8)
  A centaur zombie (Ossuary)
  3 orc priests
  6 hounds
  3 jellies
  A gnoll bouda (D:7)
  2 iguanas
  An orc wizard (D:6)
  3 mummies
  11 gnolls
  6 adders
  2 shadow imps
  3 white imps
  An ufetubus (D:5)
  A worm (D:3)
  2 dart slugs (D:1)
  13 orcs
  3 bats
  8 endoplasms
  4 giant cockroaches
  4 goblins
  8 hobgoblins
  5 jackals
  15 kobolds
  3 quokkas
  4 ball pythons
  A frilled lizard (D:1)
  2 gnoll zombies (Ossuary)
  3 goblin zombies (Ossuary)
  4 hobgoblin zombies (Ossuary)
  A kobold zombie (D:7)
  5 orc zombies
151 creatures vanquished.

Notes
Turn   | Place    | Note
-------+----------+-------------------------------------------
     0 | D:1      | Newt the Vampire Brigand began the quest for the Orb.
     0 | D:1      | Reached XP level 1. HP: 16/16 MP: 1/1
    56 | D:1      | Reached skill level 6 in Stealth
   121 | D:1      | Found a faded altar of an unknown god.
   131 | D:1      | Reached XP level 2. HP: 22/22 MP: 2/2
   669 | D:2      | Found an ornate altar of the Wu Jian Council.
   684 | D:2      | Reached skill level 7 in Stealth
   684 | D:2      | Gained mutation: You are afflicted with vampirism and can
                  | become a bat while bloodless. [Vampire growth]
   684 | D:2      | Reached XP level 3. HP: 27/27 MP: 3/3
   749 | D:2      | Found Maaptia's Distillery.
   759 | D:2      | Bought a potion of mutation for 80 gold pieces
   759 | D:2      | Gained mutation: Your spells are a little easier to cast,
                  | but a little less powerful. [potion of mutation]
   759 | D:2      | Gained mutation: You are clumsy. (Dex -2) [potion of
                  | mutation]
   933 | D:2      | Found Cavyf's Book Shop.
  1793 | D:3      | Reached XP level 4. HP: 33/34 MP: 4/4
  2055 | D:3      | You are sucked into a shaft and drop 3 floors!
  2066 | D:5      | Entered Level 5 of the Dungeon
  2066 | D:5      | Noticed an ice beast
  2895 | D:4      | Found a staircase to the Ecumenical Temple.
  2928 | D:4      | Reached XP level 5. HP: 39/39 MP: 5/5
  2942 | Temple   | Entered the Ecumenical Temple
  2972 | Temple   | Became a worshipper of Dithmenos the Shadowed
  3021 | D:4      | Identified a scroll of acquirement
  3021 | D:4      | Acquired a manual of Fighting
  3372 | D:5      | Lost mutation: Your spells are a little easier to cast, but
                  | a little less powerful. [potion of mutation]
  3372 | D:5      | Lost mutation: You are clumsy. (Dex -2) [potion of
                  | mutation]
  3372 | D:5      | Gained mutation: You are clumsy. (Dex -2) [potion of
                  | mutation]
  3372 | D:5      | Gained mutation: You are partially covered in iridescent
                  | scales. (AC +2) [potion of mutation]
  3372 | D:5      | Lost mutation: You are clumsy. (Dex -2) [potion of
                  | mutation]
  3388 | D:5      | Noticed an ice beast
  3401 | D:5      | Killed an ice beast
  3402 | D:5      | Reached skill level 1 in Armour
  3402 | D:5      | Reached XP level 6. HP: 47/47 MP: 6/6
  3470 | D:5      | Reached skill level 1 in Invocations
  3598 | D:5      | Lost mutation: You are partially covered in iridescent
                  | scales. (AC +2) [potion of mutation]
  3598 | D:5      | Gained mutation: You are partially covered in iridescent
                  | scales. (AC +2) [potion of mutation]
  3598 | D:5      | Gained mutation: Your system is resistant to poisons.
                  | (rPois) [potion of mutation]
  3598 | D:5      | Gained mutation: You are weak. (Str -2) [potion of
                  | mutation]
  3708 | D:5      | Killed an ice beast
  3709 | D:5      | Reached skill level 5 in Short Blades
  3709 | D:5      | Reached XP level 7. HP: 43/52 MP: 6/8
  4477 | D:6      | Reached * piety under Dithmenos
  4516 | D:6      | Reached XP level 8. HP: 45/61 MP: 9/9
  4526 | D:6      | Reached skill level 5 in Fighting
  4646 | D:6      | Reached skill level 8 in Stealth
  4821 | D:6      | Found an ornate altar of the Wu Jian Council.
  4954 | D:6      | Found an opulent altar of Gozag.
  5501 | D:7      | Found a broken altar of Ashenzari.
  5651 | D:7      | Found a sand-covered staircase.
  5682 | D:7      | Reached ** piety under Dithmenos
  5729 | Ossuary  | Entered an ossuary
  6208 | D:7      | Noticed Pikel
  6234 | D:7      | Killed Pikel
  6235 | D:7      | Reached XP level 9. HP: 66/71 MP: 11/11
  6291 | D:7      | Reached skill level 9 in Stealth
  6562 | D:8      | Noticed a two-headed ogre
  6576 | D:8      | Killed a two-headed ogre
  6577 | D:8      | Reached skill level 10 in Stealth
  6577 | D:8      | Reached *** piety under Dithmenos
  6601 | D:8      | HP: 2/72 [orc priest/divine providence (11)]
  6602 | D:8      | Slain by an orc

Illustrated notes

Levels and vault maps discovered:
D:1:      heliophobic_arrival_glass_houses, layout_basic,
          hellmonk_ecumenical_altar_blasted
D:2:      layout_loops_ring, basic_altar, serial_shops, shop, nicolae_shop_stone
D:3:      layout_loops_corners, minmay_quadrilaterals
D:4:      layout_loops_corners, minmay_temple_entry_butterflies
D:5:      layout_layer_cave
D:6:      layout_basic, nicolae_overflow_squiral, general_overflow_altar
D:7:      layout_loops_corners, nicolae_ashenzari_panopticon, elyvilon_altar_1,
          nicolae_ossuary_entry_giza, uniq_pikel
D:8:      layout_rooms, fedhas_altar_1, lair_entry_dummy, serial_shops,
          nicolae_shop_advertising_works [nicolae_subvault_shop_adworks],
          enter_bailey_8
Temple:   nicolae_temple_superstar

Skill      XL: |  1  2  3  4  5  6  7  8  9 |
---------------+----------------------------+-----
Stealth        | 6 7 8 10 | 10.0
Fighting       | 2 3 4 6 7 |  7.6
Short Blades   | 3 4 5 6 8 9 |  9.6
Dodging        | 2 3 4 |  4.4
Armour         | 1 2 3 |  3.1
Invocations    | 1 2 3 4 |  4.1
Throwing       | |  1.7
Evocations     | |  0.9

Action                   |  1- 3 |  4- 6 |  7- 9 || total
-------------------------+-------+-------+-------++-------
Melee: Dagger            |    60 |       |       ||    60
       Bite              |     9 |    16 |    63 ||    88
       Punch             |     2 |     3 |     6 ||    11
       Short sword       |    63 |   150 |   438 ||   651
Throw: Dart              |       |       |     4 ||     4
Evoke: Wand              |       |    10 |       ||    10
  Use: Potion            |     1 |     3 |     3 ||     7
       Scroll            |       |     9 |     4 ||    13
 Stab: Sleeping          |    13 |     4 |    10 ||    27
Armor: Robe              |    17 |       |       ||    17
       Leather armour    |     4 |    40 |   141 ||   185
       Skin              |       |       |     4 ||     4
Dodge: Dodged            |    74 |   101 |   300 ||   475

Table legend: (Time is in decaauts)
 A = Elapsed time spent in this place.
 B = Non-inter-level travel time spent in this place.
 C = Inter-level travel time spent in this place.
 D = Time resting spent in this place.
 E = Time spent auto-exploring this place.
 F = Levels seen in this place.
 G = Mean time per level.
                   A        B        C        D        E       F      G
               +--------+--------+--------+--------+--------+-----+--------+
         Total |   6468 |   6312 |    156 |    210 |   4692 |  10 |  646.8 |
       Dungeon |   6222 |   6091 |    131 |    210 |   4590 |   8 |  777.8 |
        Temple |     72 |     47 |     25 |      0 |     34 |   1 |   72.0 |
       Ossuary |    173 |    173 |      0 |      0 |     68 |   1 |  173.0 |
               +--------+--------+--------+--------+--------+-----+--------+

Top non-repeatable levels by time:
     D:6: 1096 daAuts
     D:4: 1071 daAuts
     D:5: 994 daAuts
     D:7: 888 daAuts
     D:3: 808 daAuts
     D:2: 642 daAuts
     D:1: 596 daAuts
 Ossuary: 173 daAuts
     D:8: 124 daAuts
  Temple: 72 daAuts
